 Dungeon Crawl Stone Soup version 0.23-a0-577-g2b1de94 (webtiles) character file.

9302 Lanoc the Spear-Bearer (level 11, -6/90 HPs)
             Began as a Merfolk Chaos Knight on Dec 15, 2018.
             Was a Plaything of Xom.
             Killed from afar by a shock serpent (shapeshifter) (23 damage)
             ... with a bolt of electricity
             ... on level 8 of the Dungeon.
             The game lasted 00:37:46 (6740 turns).

Lanoc the Spear-Bearer (Merfolk Chaos Knight)       Turns: 6740, Time: 00:37:46

Health: -6/90      AC:  7    Str: 16    XL:     11   Next: 44%
Magic:  11/11      EV: 20    Int: 15    God:    Xom [*.....]
Gold:   500        SH:  0    Dex: 16    Spells: 10/10 levels left

rFire    . . .     SeeInvis .   a - +1 spear (chaos)
rCold    . . .     Gourm    .   (no shield)
rNeg     . . .     Faith    .   b - +3 leather armour
rPois    .         Spirit   .   w - +1 hat
rElec    .         Reflect  .   (no cloak)
rCorr    +         Harm     .   (no gloves)
MR       .....                  (no boots)
Stlth    +.........             n - amulet of rage
HPRegen  0.25/turn              q - ring of resist corrosion
MPRegen  0.12/turn              K - +3 ring of dexterity

@: brilliant, berserk cooldown, slowed, very slow
A: change form in water, swift swim, stealthy swim, antennae 1, dopey 1,
MP-powered wands
a: Renounce Religion, Evoke Berserk Rage


You were on level 8 of the Dungeon.
You worshipped Xom.
You were a special plaything of Xom.
You were hungry.

You visited 2 branches of the dungeon, and saw 9 of its levels.
You also visited: Sewer and Bailey.

You collected 656 gold pieces.
You spent 156 gold pieces at shops.

Inventory:

Hand Weapons
 a - a +1 spear of chaos (weapon)
 v - a +0 halberd
 F - the +9 heavy crossbow "Sniper" {velocity, Acc+∞ SInv}
   (You found it on level 7 of the Dungeon)

   Any bolt fired from it inflicts extra damage.
   It lets you see invisible.
 H - a cursed +4 trident
Missiles
 L - 13 javelins of returning (quivered)
Armour
 b - a +3 leather armour (worn)
 d - +0 fire dragon scales
 w - a +1 hat (worn)
Jewellery
 n - an amulet of rage (around neck)
 q - a ring of resist corrosion (left hand)
 K - a +3 ring of dexterity (right hand)
Wands
 p - a wand of disintegration (8)
 r - a wand of flame (13)
 x - a wand of clouds (4)
 y - a wand of polymorph (9)
 A - a wand of iceblast (4)
 B - a wand of enslavement (5)
Scrolls
 h - a scroll of enchant armour
 i - 6 scrolls of remove curse
 j - a scroll of amnesia
 m - a scroll of immolation
 s - a scroll of magic mapping
 u - a scroll of enchant weapon
 C - a scroll of teleportation
 G - a scroll of holy word
Potions
 e - 2 potions of flight
 f - a potion of cancellation
 k - 3 potions of haste {unknown}
 l - a potion of curing
 o - 2 potions of mutation
 t - a potion of magic
 z - a potion of brilliance
Comestibles
 c - 23 rations


   Skills:
 + Level 9.7 Fighting
 * Level 14.5 Polearms
 + Level 5.7 Crossbows
 - Level 4.1 Throwing
 - Level 0.6 Armour
 + Level 11.5 Dodging


You had 10 spell levels left.
You didn't know any spells.
Your spell library contained the following spells:

 Spells                   Type           Power        Failure   Level  Hunger
 Animate Skeleton         Necr           N/A          4%          1    ##.....
 Apportation              Tloc           #.....       4%          1    ##.....
 Confusing Touch          Hex            #.....       4%          1    ##.....
 Corona                   Hex            #......      4%          1    ##.....
 Summon Small Mammal      Summ           #...         4%          1    ##.....
 Slow                     Hex            #.......     6%          2    ###....
 Inner Flame              Hex/Fire       #.......     11%         3    ####...
 Portal Projectile        Hex/Tloc       #.....       11%         3    ####...
 Cause Fear               Hex            #.........   30%         4    #####..
 Leda's Liquefaction      Hex/Erth       #.........   30%         4    #####..


Dungeon Overview and Level Annotations

Branches:
Dungeon (8/15)             Temple (1/1) D:5
   Lair: D:8-11

Altars:
Cheibriados
Dithmenos
Elyvilon
Kikubaaqudgha
Makhleb
Nemelex Xobeh
Qazlal
Vehumet
Wu Jian
Xom
Yredelemnul
Zin

Shops:
D:6 (!}:   D:8 (

Annotations:
D:6 Duvessa


Innate Abilities, Weirdness & Mutations

You revert to your normal form in water.
You are very nimble and swift while swimming.
You are very stealthy in the water. (Stealth+)
You have a pair of small antennae on your head.
You are dopey. (Int -2)
You expend magic power (3 MP) to strengthen your wands.


Message History

Aim: a shock serpent (moderately wounded, paralysed)
You reach to attack!
The helpless shock serpent fails to defend itself.
You hit the shock serpent.
The shock serpent is heavily wounded.
The shock serpent's electric aura discharges, shocking you!
* * * LOW HITPOINT WARNING * * *
You feel better.
It was a potion of mutation.
You feel extremely strange.
Your vision sharpens.
You feel clever.
You feel stupid. A pair of antennae grows on your head!
You feel your magical essence link to your wands.
Xom roars with laughter!
The shock serpent is no longer paralysed.
The shock serpent closely misses you.
You feel clever all of a sudden.
The shock serpent shoots out a bolt of lightning at you!
The bolt of electricity hits you!
You die...
Xom laughs nastily!

####
...###############
.........).......#
...#############@#
..## #S# ### #.# #
*## #.# # *#.#*
#.# ###.#,** #.#
##.###,## #.#
.....##.# #.#
##.#.#.#* #.#


You could see a shock serpent.

Vanquished Creatures
  A water moccasin (D:7)
  A phantom (D:8)
  An ice beast (D:8)
  A sky beast (D:6)
  A black bear (D:7)
  6 orc warriors
  3 ogres
  12 centaurs
  An elf zombie (D:7)
  5 bullfrogs
  Dowan (D:6)
  3 scorpions
  2 wights (D:7)
  A howler monkey (D:8)
  A crimson imp (D:5)
  A quasit (D:8)
  2 human zombies (D:7)
  5 hounds
  3 orc wizards (D:7)
  3 orc priests
  An iron imp (D:5)
  3 bullfrog skeletons
  Jessica (D:2)
  An iguana (D:5)
  4 human skeletons (D:7)
  4 worker ants
  A killer bee zombie (D:6)
  2 mummies (D:7)
  A worker ant zombie (D:5)
  9 adders
  A shadow imp (D:8)
  8 oozes
  2 adder zombies
  2 worms
  12 leopard geckos
  22 orcs
  16 ball pythons
  16 giant cockroaches
  3 goblins
  9 hobgoblins
  4 jackals (D:4)
  5 kobolds
  A quokka (D:8)
  5 bats
  15 frilled lizards
  2 leopard gecko skeletons
  A leopard gecko zombie (D:7)
  An orc zombie (D:7)
  6 rats
212 creatures vanquished.

Vanquished Creatures (collateral kills)
  Prince Ribbit (D:8)
  A hippogriff (D:8)
  5 orc warriors (Bailey)
  A centaur (Bailey)
  5 orcs (Bailey)
13 creatures vanquished.

Vanquished Creatures (others)
  A bat (D:1)
  A hobgoblin (D:2)
  A plant (D:3)
3 creatures vanquished.

Grand Total: 228 creatures vanquished

Notes
Turn   | Place    | Note
-------+----------+-------------------------------------------
     0 | D:1      | Lanoc the Merfolk Chaos Knight began the quest for the Orb.
     0 | D:1      | Reached XP level 1. HP: 18/18 MP: 1/1
    65 | D:1      | Reached XP level 2. HP: 23/24 MP: 2/2
    91 | D:1      | XOM: potion effect (curing)
   199 | D:1      | Reached XP level 3. HP: 29/29 MP: 3/3
   212 | D:1      | Reached skill level 5 in Polearms
   481 | D:2      | Found an ornate altar of the Wu Jian Council.
   548 | D:2      | Reached skill level 1 in Throwing
   549 | D:2      | Noticed Jessica
   563 | D:2      | Killed Jessica
   563 | D:2      | Reached XP level 4. HP: 20/37 MP: 4/4
   771 | D:2      | Found an ancient bone altar of Kikubaaqudgha.
   848 | D:2      | Found a shadowy altar of Dithmenos.
   888 | D:3      | XOM: noise
  1034 | D:3      | XOM: mild Erth miscast
  1128 | D:3      | Found a snail-covered altar of Cheibriados.
  1295 | D:3      | XOM: harmless Erth miscast
  1320 | D:4      | Noticed an ogre
  1328 | D:4      | Killed an ogre
  1328 | D:4      | Reached skill level 6 in Polearms
  1328 | D:4      | Reached XP level 5. HP: 42/42 MP: 5/5
  1366 | D:4      | Reached skill level 5 in Dodging
  1379 | D:4      | Reached XP level 6. HP: 48/48 MP: 6/6
  1440 | D:4      | XOM: mild Tloc miscast
  1559 | D:4      | Found a glowing drain.
  1597 | Sewer    | Entered a sewer
  1791 | Sewer    | Reached skill level 7 in Polearms
  1873 | Sewer    | XOM: fake destruction
  1882 | Sewer    | Reached XP level 7. HP: 36/55 MP: 7/7
  2133 | D:4      | XOM: noise
  2258 | D:4      | Found a burning altar of Makhleb.
  2608 | D:5      | Entered Level 5 of the Dungeon
  2670 | D:5      | Found a staircase to the Ecumenical Temple.
  2679 | Temple   | Entered the Ecumenical Temple
  2767 | D:5      | Reached skill level 8 in Polearms
  2806 | D:5      | XOM: potion effect (heal wounds)
  2879 | D:5      | XOM: harmless Conj miscast
  2904 | D:5      | XOM: harmless Tloc miscast
  2935 | D:5      | Found a sparkling altar of Nemelex Xobeh.
  2996 | D:5      | Found a glowing silver altar of Zin.
  2996 | D:5      | Found a shimmering altar of Xom.
  2996 | D:5      | Found a stormy altar of Qazlal.
  3103 | D:5      | XOM: smoke on damage
  3178 | D:5      | Reached skill level 5 in Fighting
  3178 | D:5      | Reached XP level 8. HP: 40/62 MP: 8/8
  3224 | D:5      | XOM: divination: detect creatures
  3299 | D:6      | Found Nuqaf's Book Boutique.
  3341 | D:6      | XOM: cast spell 'Olgreb's Toxic Radiance'
  3406 | D:6      | XOM: potion effect (brilliance)
  3420 | D:6      | Found Gaseqes's Gadget Boutique.
  3524 | D:6      | Found Beawoi's Distillery.
  3539 | D:6      | Bought a potion of curing for 36 gold pieces
  3539 | D:6      | Bought 2 potions of heal wounds for 120 gold pieces
  3547 | D:6      | XOM: divination: detect items
  3608 | D:6      | Noticed Duvessa
  3608 | D:6      | Noticed Dowan
  3610 | D:6      | XOM: confusion
  3613 | D:6      | XOM: summons 4 hostile demons
  3614 | D:6      | Noticed a hellwing
  3626 | D:6      | XOM: enchant monster (bad)
  3628 | D:6      | XOM: enchant monster (bad)
  3663 | D:6      | XOM: summons 2 hostile demons
  3690 | D:6      | Killed Dowan
  3690 | D:6      | Reached skill level 9 in Polearms
  3854 | D:6      | Found Ybuscheng's Weapon Emporium.
  3988 | D:6      | Found a shadowy altar of Dithmenos.
  4066 | D:7      | Found the +9 heavy crossbow "Sniper" {velocity, Acc+∞ SInv}
  4087 | D:7      | XOM: blink monster(s)
  4106 | D:7      | XOM: potion effect (haste)
  4164 | D:7      | Reached skill level 10 in Polearms
  4189 | D:7      | Reached XP level 9. HP: 45/69 MP: 9/9
  4321 | D:7      | XOM: divination: detect items
  4555 | D:7      | Reached skill level 1 in Crossbows
  4623 | D:7      | Found a shimmering altar of Xom.
  4823 | D:7      | XOM: swap monsters
  4872 | D:7      | Found a basalt altar of Yredelemnul.
  4984 | D:7      | XOM: harmless Chrm miscast
  4990 | D:7      | Reached skill level 11 in Polearms
  5002 | D:7      | XOM: give mutations
  5002 | D:7      | Gained mutation: You are dopey. (Int -2) [Xom's mischief]
  5002 | D:7      | Gained mutation: Scrolls take you a little longer to read.
                  | [Xom's mischief]
  5121 | D:8      | Noticed Prince Ribbit
  5131 | D:8      | XOM: polymorph bullfrog -> killer bee
  5134 | D:8      | XOM: polymorph killer bee -> centaur
  5146 | D:8      | Reached skill level 10 in Dodging
  5149 | D:8      | XOM: divination: detect creatures
  5161 | D:8      | XOM: harmless Tloc miscast
  5184 | D:8      | XOM: confuse monster(s)
  5213 | D:8      | Found a white marble altar of Elyvilon.
  5273 | D:8      | Found Qeuckitos's Antique Weapon Shoppe.
  5324 | D:8      | XOM: divination: detect creatures
  5391 | D:8      | XOM: cast spell 'Olgreb's Toxic Radiance'
  5392 | D:8      | XOM: potion effect (heal wounds)
  5426 | D:8      | XOM: cast spell 'Summon Horrible Things'
  5452 | D:8      | Found a flagged portal.
  5508 | D:8      | XOM: cast spell 'Call Canine Familiar'
  5516 | D:8      | Killed Prince Ribbit
  5560 | Bailey   | Entered a bailey
  5566 | Bailey   | XOM: polymorph orc -> frilled lizard
  5571 | Bailey   | Reached XP level 10. HP: 77/77 MP: 10/10
  5612 | Bailey   | Reached skill level 12 in Polearms
  5814 | Bailey   | XOM: noise
  5818 | Bailey   | XOM: cast spell 'Discord'
  5899 | Bailey   | XOM: noise
  5942 | Bailey   | XOM: summons 5 hostile demons
  6042 | Bailey   | XOM: summons 3 hostile shadow creatures
  6086 | Bailey   | XOM: summons 5 hostile demons
  6095 | Bailey   | XOM: polymorph shadow imp -> quasit
  6113 | Bailey   | XOM: blink monster(s)
  6145 | Bailey   | XOM: harmless Tloc miscast
  6158 | Bailey   | XOM: noise
  6187 | Bailey   | XOM: noise
  6224 | Bailey   | XOM: harmless Necr miscast
  6436 | D:8      | Reached skill level 14 in Polearms
  6436 | D:8      | Reached skill level 5 in Crossbows
  6436 | D:8      | Reached XP level 11. HP: 67/90 MP: 11/11
  6682 | D:8      | XOM: harmless Tmut miscast
  6701 | D:8      | Noticed a two-headed ogre
  6711 | D:8      | a two-headed ogre changed into a redback
  6711 | D:8      | XOM: enchant monster (bad)
  6721 | D:8      | Noticed a shock serpent
  6726 | D:8      | XOM: noise
  6727 | D:8      | XOM: summons friendly iron imp
  6730 | D:8      | HP: 1/135 [shock serpent (shapeshifter)/electric aura (6)]
  6734 | D:8      | XOM: enchant monster (good)
  6739 | D:8      | Lost mutation: Scrolls take you a little longer to read.
                  | [potion of mutation]
  6739 | D:8      | Lost mutation: You are dopey. (Int -2) [potion of mutation]
  6739 | D:8      | Gained mutation: You are dopey. (Int -2) [potion of
                  | mutation]
  6739 | D:8      | Gained mutation: You have a pair of small antennae on your
                  | head. [potion of mutation]
  6739 | D:8      | Gained mutation: You expend magic power (3 MP) to
                  | strengthen your wands. [potion of mutation]
  6740 | D:8      | Killed from afar by a shock serpent (shapeshifter)

Vault maps used:
D:1:      eino_arrival_druids_welcome, serial_bayou_lake_a
D:2:      lemuel_coloured_pillars_altar, lemuel_doored_altar,
          nicolae_overflow_crystal_walls, uniq_jessica
D:3:      lemuel_round_altar, overflow_temple_1_default, first_ration,
          saegor_snake_ambush
D:4:      makhleb_blood_cavern_becter, portal_sewer_entry_a
D:5:      chequers_temple_overflow_statue_of_worship, marbit_many_paths,
          minmay_temple_entry_junction, uniq_crazy_yiuf_cottage
D:6:      serial_shops, kennysheep_little_box, kennysheep_mini_moat, shop, shop,
          minivault_1, nicolae_dithmenos_through_a_glass_darkly, uniq_duvessa
D:7:      lemuel_mausoleum_altar_yredelemnul, basic_altar, dk_noncrumbling_2,
          minmay_curled_crystal, grunt_ogre_cave
D:8:      elyvilon_altar_5, enter_bailey_8, serial_shops, shop,
          uniq_prince_ribbit1
Temple:   nicolae_temple_figure_zero
Sewer:    sewer_frog_island_02
Bailey:   bailey_polearm_flooded_kennysheep, bailey

Skill      XL: |  1  2  3  4  5  6  7  8  9 10 |
---------------+-------------------------------+-----
Dodging        | 3 4 5 6 7 8 10 11 | 11.5
Polearms       | 5 6 7 8 10 11 14 | 14.5
Throwing       | 1 2 3 4 |  4.1
Fighting       | 4 5 6 9 |  9.7
Crossbows      | 2 5 |  5.7
Armour         | |  0.6

Action                   |  1- 3 |  4- 6 |  7- 9 | 10-12 || total
-------------------------+-------+-------+-------+-------++-------
Melee: Spear             |    86 |   286 |   616 |   176 ||  1164
       Tailslap          |     1 |     7 |     4 |     9 ||    21
Throw: Javelin           |       |       |       |    29 ||    29
Evoke: Wand              |       |       |       |     1 ||     1
  Use: Scroll            |       |     5 |    12 |     7 ||    24
       Potion            |       |       |     3 |    11 ||    14
 Stab: Paralysed         |     3 |       |    10 |     2 ||    15
       Sleeping          |     1 |     5 |     1 |       ||     7
       Petrified         |       |     7 |     8 |       ||    15
       Confused          |       |       |     7 |       ||     7
       Petrifying        |       |       |     1 |       ||     1
  Eat: Chunk             |       |     3 |    12 |     3 ||    18
Armor: Leather armour    |    19 |    58 |    62 |    11 ||   150
Dodge: Dodged            |    24 |   182 |   256 |   146 ||   608

Table legend:
 A = Non-vault XP
 B = Vault XP
 C = Vault XP percentage of total XP
 D = Non-vault monster count
 E = Vault monster count
 F = Vault count percentage of total count
                 A         B        C        D         E       F
            +---------+---------+-------+---------+---------+-------
      Total |    3377 |    3362 |  49.9 |     111 |     116 |  51.1
            +---------+---------+-------+---------+---------+-------
        D:1 |      39 |       0 |   0.0 |      17 |       0 |   0.0
        D:2 |      51 |      37 |  42.0 |      21 |       1 |   4.5
        D:3 |       6 |      15 |  71.4 |       3 |       2 |  40.0
        D:4 |     275 |      46 |  14.3 |      15 |       6 |  28.6
        D:5 |     394 |      37 |   8.6 |      11 |       1 |   8.3
        D:6 |     345 |      67 |  16.3 |       9 |       1 |  10.0
        D:7 |    1162 |     613 |  34.5 |      19 |      13 |  40.6
        D:8 |    1105 |     194 |  14.9 |      16 |       1 |   5.9
      Sewer |       0 |     340 | 100.0 |       0 |      52 | 100.0
     Bailey |       0 |    2013 | 100.0 |       0 |      39 | 100.0
            +---------+---------+-------+---------+---------+-------
